 Dungeon Crawl Stone Soup version 0.18-a0-1202-g796ae12 (webtiles) character file.

8801 M4edhros the Blocker (level 11, 0/63 HPs)
             Began as an Octopode Artificer on Jan 31, 2016.
             Was a Priest of Fedhas.
             Slain by nublet's ghost (26 damage)
             ... on level 10 of the Dungeon.
             The game lasted 00:25:03 (10170 turns).

M4edhros the Blocker (Octopode Artificer)          Turns: 10170, Time: 00:25:04

Health: 0/63       AC:  2    Str: 14    XL:     11   Next: 36%
Magic:  17/20      EV: 15    Int: 16    God:    Fedhas [***...]
Gold:   520        SH: 17    Dex: 16    Spells: 1 memorised, 7 levels left

rFire  x . .     SeeInvis +     K - +8 morningstar of the Ten Songs {crush, MP+9 Dex+2 SInv}
rCold  + . .     Gourm    .     y - +0 large shield
rNeg   + . .     Faith    .     (helmet restricted)
rPois  .         Spirit   .     (no amulet)
rElec  .         Dismiss  .     o - +3 ring of strength
rCorr  .         Reflect  .     C - ring of sustain attributes
SustAt +         Harm     .     L - ring of wizardry
MR     +....                    J - ring of ice
Stlth  ++++++....               M - ring of protection from magic
                                A - ring of positive energy
                                l - +4 ring of slaying
                                (no ring)

@: somewhat resistant to hostile enchantments, very stealthy
A: almost no armour, amphibious, 8 rings, constrict 8, beak, camouflage 1, low
mp 2, mutation resistance 1, shaggy fur 1, gelatinous body 1
a: Evolution, Sunlight, Growth, Renounce Religion


You were on level 10 of the Dungeon.
You worshipped Fedhas.
Fedhas was most pleased with you.
You were not hungry.

You visited 2 branches of the dungeon, and saw 11 of its levels.

You collected 758 gold pieces.
You spent 238 gold pieces at shops.

Inventory:

Hand Weapons
 a - a +0 hand crossbow of freezing
 i - a +0 hunting sling
 s - a +0 dagger of protection
 E - a +2 spear of venom
 H - a +0 blowgun
 K - the +8 morningstar of the Ten Songs (weapon) {crush, MP+9 Dex+2 SInv}
   (You found it on level 6 of the Dungeon)

   It inflicts extra damage upon your enemies.
   It affects your dexterity (+2).
   It affects your magic capacity (+9).
   It lets you see invisible.
Missiles
 h - 208 stones (quivered)
 w - 38 sling bullets
 O - 16 poisoned needles
Armour
 y - a +0 large shield (worn)
Jewellery
 l - a +4 ring of slaying (on tentacle)
 o - a +3 ring of strength (left tentacle)
 A - a ring of positive energy (on tentacle)
 C - a ring of sustain attributes (right tentacle)
 J - a ring of ice (on tentacle)
 L - a ring of wizardry (on tentacle)
 M - a ring of protection from magic (on tentacle)
Wands
 b - a wand of flame (5/48)
 c - a wand of enslavement (12/24)
 j - a wand of lightning (6/15)
 G - a wand of polymorph (11/24)
 P - a wand of random effects (0/48)
 Q - a wand of lightning (3/15)
Scrolls
 f - a scroll of identify
 m - a scroll of fear
 n - 2 scrolls of magic mapping
 r - 2 scrolls of remove curse
 t - a scroll of enchant armour
 B - a scroll of fog
Potions
 e - a potion of curing
 g - 3 potions of heal wounds
 k - a potion of haste
 v - a potion of lignification
 D - a potion of might
 N - 3 potions of berserk rage
Comestibles
 d - 3 meat rations
 x - 2 beef jerkies
 I - 3 fruits


   Skills:
 - Level 1.0 Fighting
 - Level 1.0 Short Blades
 - Level 4.9 Slings
 - Level 8.0 Dodging
 - Level 10.7 Stealth
 + Level 11.4 Shields
 - Level 5.3 Invocations
 - Level 3.7 Evocations


You had 7 spell levels left.
You knew the following spells:

 Your Spells              Type           Power        Failure   Level  Hunger
a - Mephitic Cloud        Conj/Pois/Air  #.......     98%         3    ####...


Dungeon Overview and Level Annotations

Branches:
Dungeon (10/15)            Temple (1/1) D:4            Lair (0/8) D:10
    Orc: D:9-12

Altars:
Ashenzari
Cheibriados
Dithmenos
Elyvilon
Fedhas
Gozag
Kikubaaqudgha
Makhleb
Nemelex Xobeh
Okawaru
Pakellas
Qazlal
Ru
Sif Muna
Trog
Vehumet
Xom
Yredelemnul
Zin
The Shining One

Shops:
D:5 *   D:10 [*

Annotations:
D:8 exclusion: orange crystal statue
D:9 exclusion: ice statue
D:10 nublet's ghost, journeyman OgGl


Innate Abilities, Weirdness & Mutations

You cannot wear most types of armour.
You are amphibious.
You can wear up to eight rings at the same time.
You can use your tentacles to constrict eight enemies at once.
Your skin changes colour to match your surroundings (Stealth).
Your rubbery body absorbs attacks (AC +1).
You have a beak for a mouth.
Your magical capacity is very low (-20% MP).
You are somewhat resistant to further mutation.
You are covered in fur (AC +1).


Message History

The orc warrior hits your wandering mushroom with a battleaxe.
You block the orc warrior's attack.
The orc warrior hits your wandering mushroom with a battleaxe.
You hit the orc warrior. You peck the orc warrior.
The orc warrior is heavily wounded.
You constrict the orc warrior. You block the gnoll's attack.
Your wandering mushroom releases spores at the orc warrior.
The orc warrior is engulfed in a cloud of spores!
The orc warrior hits you with a battleaxe.
The orc warrior hits your wandering mushroom with a battleaxe.
You block the gnoll's attack. Nublet's ghost hits you.
Unknown command.
You release your grip on the orc warrior.
Your wandering mushroom releases spores at the orc warrior but does no damage.
The orc warrior hits the toadstool with a battleaxe!!
The toadstool is destroyed!
The orc warrior hits your wandering mushroom with a battleaxe!
Nublet's ghost hits you!!
You die...
Fedhas appreciates your contribution to the ecosystem.

###### .....# ###############
.###.######............. .#
#.....##...........###
.###..##'##.............# #.###
.##...................# #.#.#
.##...........off.....######.#.#
.##........<.go)@.........
....#.
..'........####W###.#....#
#..... .##...KO...#
#.###.#....###..##. ###........#
#.#.#.#...Y#Y...... # #........#
#.#.#.....#.YY..# # #........#
#.#....##Y###.#.... # #........#
#....#........###.. # #........
#........h###.#.... # .......
#.##.##............


You could see an orc warrior, nublet's ghost, a gnoll, an orc and 2 friendly
wandering mushrooms.

Vanquished Creatures
  The ghost of Shaidar413 the Nimble, a novice TrBe of Trog (D:8)
  Nergalle (D:10)
  2 unseen horrors (D:10)
  Pikel (D:7)
  A wandering mushroom (D:9)
  A troll (D:9)
  Prince Ribbit (D:7)
  A wraith (D:10)
  A hippogriff (D:6)
  9 yaks (D:10)
  Eustachio (D:5)
  3 centaurs
  2 humans (D:9)
  Menkaure (D:5)
  2 phantoms
  An orc warrior (D:10)
  2 slaves (D:7)
  6 ogres
  2 sky beasts
  Blork the orc (D:5)
  A big kobold (D:10)
  A gnoll sergeant (D:10)
  2 giant frogs (D:8)
  4 scorpions
  The ghost of Shaidar413 the Shield-Bearer, a weakling HOFi (D:3)
  A killer bee (D:9)
  3 wights
  2 electric eels (D:8)
  4 crimson imps
  3 jellies
  7 hounds
  2 orc priests
  A centaur skeleton (D:8)
  A giant frog skeleton (D:8)
  5 iguanas
  9 orc wizards
  4 worker ants
  A hound skeleton (D:6)
  7 adders
  3 shadow imps
  2 adder skeletons
  A worm (D:4)
  4 giant geckos
  39 orcs
  2 giant cockroaches
  6 goblins
  10 hobgoblins
  16 jackals
  7 kobolds
  4 quokkas
  2 ball pythons
  8 bats
  2 giant newts
  A jackal skeleton (D:4)
  A quokka skeleton (D:8)
  18 rats
  A spectral orc (D:8)
  A toadstool (D:8)
227 creatures vanquished.

Vanquished Creatures (collateral kills)
  A deep elf mage (D:7)
  Psyche (D:9)
  2 yaks (D:10)
  2 hungry ghosts
  An orc warrior (D:8)
  A sky beast (D:5)
  2 slaves (D:7)
  An ogre (D:8)
  A big kobold (D:8)
  A wyvern skeleton (D:6)
  4 wights
  A killer bee (D:10)
  A hound (D:10)
  A jelly (D:5)
  2 orc priests
  An orc wizard (D:3)
  An adder skeleton (D:8)
  2 giant geckos (D:8)
  6 orcs
  3 kobolds
  A ball python (D:3)
  A giant spore (D:8)
37 creatures vanquished.

Vanquished Creatures (others)
  A wizard (D:3)
  2 necrophages
  15 wandering mushrooms
  A centaur (D:5)
  Ijyb (D:3)
  A worker ant zombie (D:9)
  195 toadstools
216 creatures vanquished.

Grand Total: 480 creatures vanquished

Notes
Turn   | Place    | Note
--------------------------------------------------------------
     0 | D:1      | M4edhros the Octopode Artificer began the quest for the Orb.
     0 | D:1      | Reached XP level 1. HP: 13/13 MP: 3/3
   442 | D:2      | Found a glowing golden altar of the Shining One.
   577 | D:2      | Found a blossoming altar of Fedhas.
   590 | D:3      | Noticed an orc wizard
   600 | D:3      | Reached XP level 2. HP: 18/18 MP: 4/4
   742 | D:4      | Reached XP level 3. HP: 1/23 MP: 5/5
  1080 | D:4      | Reached skill level 1 in Slings
  1080 | D:4      | Reached XP level 4. HP: 23/28 MP: 6/6
  1122 | D:4      | Found a white marble altar of Elyvilon.
  1177 | D:4      | Found a staircase to the Ecumenical Temple.
  1254 | Temple   | Entered the Ecumenical Temple
  1446 | D:2      | Became a worshipper of Fedhas Madash
  1861 | D:1      | Reached * piety under Fedhas
  1903 | D:1      | Reached skill level 4 in Stealth
  2635 | D:3      | Reached XP level 5. HP: 33/33 MP: 7/7
  2654 | D:3      | Found a shimmering altar of Xom.
  2680 | D:3      | Reached ** piety under Fedhas
  2806 | D:3      | Noticed Ijyb
  2807 | D:3      | Noticed Shaidar413's ghost (weakling HOFi)
  2833 | D:3      | Your ally died
  2848 | D:3      | Killed Shaidar413's ghost
  2959 | D:3      | Found a bloodstained altar of Trog.
  3134 | D:3      | Reached skill level 1 in Invocations
  3134 | D:3      | Reached XP level 6. HP: 36/38 MP: 8/8
  3206 | D:3      | Found a bloodstained altar of Trog.
  3207 | D:3      | Noticed a wizard
  3212 | D:3      | Killed a wizard
  3314 | D:3      | Reached skill level 5 in Stealth
  3621 | D:5      | Entered Level 5 of the Dungeon
  3666 | D:5      | Noticed Blork the orc
  3682 | D:5      | Killed Blork the orc
  3763 | D:5      | Noticed a sky beast
  3773 | D:5      | Killed a sky beast
  3777 | D:5      | Gained mutation: Your magical capacity is low (-10% MP). [mutagenic meat]
  3779 | D:5      | Gained mutation: You are agile. (Dex +2) [mutagenic meat]
  3780 | D:5      | Gained mutation: You expend magic power (3 MP) to strengthen your wands. [mutagenic meat]
  3809 | D:5      | Noticed Menkaure
  3816 | D:5      | Killed Menkaure
  3816 | D:5      | Reached skill level 6 in Stealth
  3816 | D:5      | Reached XP level 7. HP: 40/43 MP: 8/8
  3935 | D:5      | Found Bacynaa's Assorted Antiques.
  3981 | D:5      | Killed a centaur
  3981 | D:5      | Reached skill level 5 in Dodging
  4022 | D:5      | Noticed Eustachio
  4111 | D:5      | Killed Eustachio
  4111 | D:5      | Reached skill level 7 in Stealth
  4134 | D:5      | Reached XP level 8. HP: 27/48 MP: 9/9
  4746 | D:6      | Got an ebony morningstar
  4747 | D:6      | Identified the +8 morningstar of the Ten Songs {crush, MP+9 Dex+2 SInv} (You found it on level 6 of the Dungeon)
  4782 | D:6      | Reached skill level 8 in Stealth
  5416 | D:7      | Reached *** piety under Fedhas
  5649 | D:7      | Noticed Pikel
  5667 | D:7      | Killed Pikel
  5667 | D:7      | Reached skill level 9 in Stealth
  5667 | D:7      | Reached XP level 9. HP: 40/53 MP: 11/11
  5720 | D:7      | Found a shattered altar of Ashenzari.
  5879 | D:7      | Noticed a deep elf mage
  5879 | D:7      | Noticed Prince Ribbit
  5889 | D:7      | Killed Prince Ribbit
  5891 | D:7      | Noticed an ice devil
  5906 | D:7      | Killed a deep elf mage
  5906 | D:7      | Reached skill level 10 in Stealth
  5906 | D:7      | Reached skill level 5 in Invocations
  6054 | D:7      | Learned a level 3 spell: Mephitic Cloud
  6154 | D:7      | Gained mutation: Your magical capacity is very low (-20% MP). [mutagenic meat]
  6155 | D:7      | Gained mutation: Your mind is acute. (Int +2) [mutagenic meat]
  6156 | D:7      | Gained mutation: You are covered in fur (AC +1). [mutagenic meat]
  6157 | D:7      | Lost mutation: You are agile. (Dex +2) [mutagenic meat]
  6158 | D:7      | Gained mutation: You have a beak for a mouth. [mutagenic meat]
  6390 | D:7      | Found a burning altar of Makhleb.
  6636 | D:8      | Reached skill level 1 in Shields
  6767 | D:8      | Found a shadowy altar of Dithmenos.
  6832 | D:8      | Reached XP level 10. HP: 28/58 MP: 11/11
  6887 | D:8      | Reached **** piety under Fedhas
  6957 | D:8      | Noticed Shaidar413's ghost (novice TrBe)
  6990 | D:8      | Killed Shaidar413's ghost
  6990 | D:8      | Reached skill level 5 in Shields
  7017 | D:8      | Gained mutation: Your magical capacity is extremely low (-30% MP). [potion of mutation]
  7207 | D:8      | Found a basalt altar of Yredelemnul.
  7416 | D:8      | Lost mutation: Your magical capacity is extremely low (-30% MP). [mutagenic meat]
  7417 | D:8      | Lost mutation: You expend magic power (3 MP) to strengthen your wands. [mutagenic meat]
  7418 | D:8      | Lost mutation: Your mind is acute. (Int +2) [mutagenic meat]
  7433 | D:8      | Noticed an orange crystal statue
  7529 | D:9      | Found a shadowy altar of Dithmenos.
  7661 | D:9      | Found an iron altar of Okawaru.
  7692 | D:9      | Noticed an ice statue
  7764 | D:9      | Found an oddly glowing altar of Pakellas.
  8387 | D:9      | Noticed Psyche
  8395 | D:9      | Killed Psyche
  8468 | D:9      | Found a deep blue altar of Sif Muna.
  8482 | D:9      | Identified Sif Muna's Grimoire of Talismans
  8553 | D:8      | Got a scorched dagger
  8554 | D:8      | Identified the cursed +1 dagger "Uradghiv" {freeze, Str+4} (You found it on level 8 of the Dungeon)
  8712 | D:10     | Entered Level 10 of the Dungeon
  8781 | D:10     | Found a staircase to the Lair.
  8829 | D:10     | Noticed an unseen horror
  8836 | D:10     | Killed an unseen horror
  8838 | D:10     | Noticed nublet's ghost (journeyman OgGl)
  9147 | D:10     | Reached XP level 11. HP: 49/63 MP: 11/11
  9155 | D:10     | Reached skill level 10 in Shields
  9403 | D:10     | Noticed Nergalle
  9413 | D:10     | Killed Nergalle
  9419 | D:10     | Gained mutation: You are somewhat resistant to further mutation. [potion of beneficial mutation]
  9586 | D:10     | Found Ukaoch's Armour Emporium.
  9705 | D:10     | Found Cuf Hual's Assorted Antiques.
  9722 | D:10     | Bought a bone ring for 170 gold pieces
  9722 | D:10     | Bought a scroll labeled FORUNICHIR for 34 gold pieces
  9722 | D:10     | Bought a scroll labeled DAUMUZYFIMM for 34 gold pieces
  9841 | D:10     | HP: 3/63 [nublet's ghost (21)]
 10066 | D:10     | Reached skill level 11 in Shields
 10147 | D:10     | Upgraded the game from 0.18-a0-1197-g8004e50 to 0.18-a0-1202-g796ae12
 10148 | D:10     | Noticed an unseen horror
 10162 | D:10     | Killed an unseen horror
 10170 | D:10     | Slain by nublet's ghost

Vault maps used:
D:1:      dpeg_arrival_signposts, st_stairs_10, item_on_display_a
D:2:      lemuel_round_altar, fedhas_altar_1, first_bread,
          minmay_rat_gold_closets
D:3:      xom_teletrap_fun, lemuel_doored_altar, trog_wizard, uniq_iyjb
D:4:      kennysheep_mini, minmay_temple_entry_enclosed_plants
D:5:      serial_shops, nicolae_shop_overgrown_old_shop, uniq_menkaure,
          uniq_blork_the_orc, uniq_eustachio
D:7:      marbit_many_paths, ashenzari_altar_1, guppyfry_early_elven_hall,
          uniq_prince_ribbit1, uniq_pikel
D:8:      statuecave_lemuel, yredelemnul_forgotten_temple_becter, basic_altar
D:9:      lemuel_ice_statue, led_sif_book, kennysheep_little_box,
          nicolae_overflow_crystal_walls, okawaru_humans, uniq_psyche
D:10:     lair_0_dummy, kennysheep_orc_monster_closet_entryway, serial_shops,
          nicolae_shop_overgrown_old_shop, shop_fountains, kennysheep_mini_moat,
          uniq_nergalle
Temple:   cyrus_temple_forest_13

Action                   |  1- 3 |  4- 6 |  7- 9 | 10-12 || total
-------------------------+-------+-------+-------+-------++-------
Melee: Short sword       |    33 |     2 |       |       ||    35
       Dagger            |       |   112 |    12 |       ||   124
       Rapier            |       |    45 |       |       ||    45
       Flail             |       |       |     5 |       ||     5
       Morningstar       |       |       |    72 |   164 ||   236
       Spear             |       |       |    17 |       ||    17
 Fire: Hunting sling     |       |       |    10 |       ||    10
Invok: Evolution         |       |     2 |     4 |    12 ||    18
       Sunlight          |       |     1 |       |     1 ||     2
       Reproduction      |       |       |       |     1 ||     1
Evoke: Wand              |     2 |    11 |    14 |    19 ||    46
  Use: Scroll            |       |       |     8 |    12 ||    20
       Potion            |       |       |     1 |    10 ||    11
 Stab: Sleeping          |     4 |    23 |    17 |     9 ||    53
       Confused          |       |     1 |     3 |     2 ||     6
       Distracted        |       |       |       |     1 ||     1
  Eat: Chunk             |       |     5 |     6 |     3 ||    14
       Meat ration       |       |     1 |     1 |     1 ||     3
       Bread ration      |       |     1 |     1 |     1 ||     3
       Pizza             |       |       |       |     1 ||     1
       Royal jelly       |       |       |       |     1 ||     1
